AoeStats
← betaxy

Hideout

508670340Analyzed
1v1 RM · 9d ago on Sep 23, 2026· 28m 20s· 2 players
Game mode
Random Map
Map size
Tiny (2 player)
Population
200
Speed
Normal
Resources
Standard
Victory
Conquest
Starting age
Dark Age
Ending age
Imperial Age
RankedLock teamsTeams togetherTeam positionsShared explorationLock speedFull tech treeHidden civsTurbo modeCheats
Victory
Defeat
🇵🇰 Celts · Pakistan
1074
+15
🇩🇪 Varangians · Germany
1055
-15
betaxy
6:51 Loom
10:28 Feudal Age
14:58 Castle Age
13:57 Double-Bit Axe
16:19 Bow Saw
23:01 Gold Mining
NSN WAJID
13:16 Feudal Age
11:31 Loom
15:28 Horse Collar
16:32 Wheelbarrow
15:44 Double-Bit Axe
15:50 Gold Mining
15:51 Stone Mining
19:12 Castle Age
20:24 Hand Cart
22:44 Gold Shaft Mining
22:20 Bow Saw
24:48 Scale Mail Armor
26:17 Forging
Connection lost

Rejoining the realm…

Still unreachable

The connection could not be restored.

Session expired

The server has moved on; the page needs a fresh start.